General information
			
			
        
        - name: BNet
 
        - type: Ladder team game (AT/RT)
 
        - host: Battle.net
 
        - saver: CEClL
 
        
map: FullScaleAssault 
        - players: 8
 
        - length: 45:32
 
        - speed: Fast
 - version: 1.21 W3XP
 - replay type:  Public
 
» download(352 KB)
Players
        team 1 (loser) 
              
              
2-ez (
orange | 77 APM | 3411 actions | 44:23)
              
 5 Archmage 
 3 Blizzard
 2 Brilliance Aura
 2 Pit Lord 
 1 Rain of Fire
 1 Cleaving Attack
 4 Blood Mage 
 2 Flame Strike
 2 Banish
 
                » actions 
                
                | Assign group hotkey | 37 |  | 
| Basic commands | 165 |  | 
| Build / train | 96 |  | 
| ESC pressed | 1 |  | 
| Enter build submenu | 18 |  | 
| Enter hero's abilities submenu | 12 |  | 
| Give item / drop item | 2 |  | 
| Remove unit from queue | 5 |  | 
| Right click | 1382 |  | 
| Select / deselect | 403 |  | 
| Select group hotkey | 1160 |  | 
| Use ability | 129 |  | 
                3411 total
 » units 
                
                | Peasant | 25 |  | 
| Footman | 10 |  | 
| Rifleman | 2 |  | 
| Mortar Team | 17 |  | 
| Flying Machine | 2 |  | 
| Siege Engine | 6 |  | 
                62 total
 » upgrades
                
                | Armor | 2 |  | 
| Flare | 1 |  | 
| Gunpowder | 2 |  | 
| Fragmentation Shards | 1 |  | 
| Barrage | 1 |  | 
                7 total
 » buildings
                
                | Altar of Kings | 1 |  | 
| Barracks | 1 |  | 
| Farm | 11 |  | 
| Scout Tower | 6 |  | 
| Arcane Vault | 1 |  | 
| Arcane Tower | 2 |  | 
| Keep | 1 |  | 
| Blacksmith | 1 |  | 
| Lumber Mill | 1 |  | 
| Town Hall | 1 |  | 
| Workshop | 2 |  | 
| Guard Tower | 1 |  | 
| Castle | 1 |  | 
                30 total
 » build order
                00:11 Altar of Kings
00:21 Barracks
00:36 Farm
00:52 Farm
01:50 Scout Tower
01:53 Farm
02:21 Arcane Vault
02:24 Arcane Tower
03:39 Keep
03:54 Blacksmith
04:32 Farm
04:33 Farm
04:36 Lumber Mill
06:20 Town Hall
07:05 Workshop
07:24 Workshop
07:44 Farm
07:45 Farm
08:16 Scout Tower
08:17 Scout Tower
08:18 Scout Tower
08:51 Arcane Tower
08:52 Scout Tower
08:53 Scout Tower
09:49 Guard Tower
10:43 Castle
11:33 Farm
11:33 Farm
11:34 Farm
16:07 Farm
» items
                
                | Scroll of Regeneration | 2 |  | 
| Scroll of Town Portal | 1 |  | 
                3 total
  
               
              
              
alofasjandel (
pink | 93 APM | 4130 actions | 44:23)
              
 5 Tauren Chieftain 
 3 Endurance Aura
 2 Shockwave
 3 Shadow Hunter 
 2 Serpent Ward
 1 Healing Wave
 
                » actions 
                
                | Assign group hotkey | 69 |  | 
| Build / train | 86 |  | 
| ESC pressed | 1 |  | 
| Enter build submenu | 33 |  | 
| Enter hero's abilities submenu | 9 |  | 
| Give item / drop item | 5 |  | 
| Remove unit from queue | 2 |  | 
| Right click | 1875 |  | 
| Select / deselect | 445 |  | 
| Select group hotkey | 1495 |  | 
| Use ability | 110 |  | 
                4130 total
 » units 
                
                | Peon | 15 |  | 
| Grunt | 15 |  | 
| Shaman | 7 |  | 
| Tauren | 2 |  | 
| Troll Batrider | 14 |  | 
| Troll Witch Doctor | 1 |  | 
                54 total
 » upgrades
                
                | Berserker Strength | 1 |  | 
| Shaman Training | 2 |  | 
| Reinforced Defenses | 1 |  | 
| Liquid Fire | 1 |  | 
| Witch Doctor Training | 1 |  | 
                6 total
 » buildings
                
                | Barracks | 2 |  | 
| Orc Burrow | 13 |  | 
| Altar of Storms | 1 |  | 
| Voodoo Lounge | 1 |  | 
| Stronghold | 1 |  | 
| War Mill | 1 |  | 
| Great Hall | 5 |  | 
| Fortress | 1 |  | 
| Spirit Lodge | 1 |  | 
| Tauren Totem | 2 |  | 
| Beastiary | 2 |  | 
                30 total
 » build order
                00:10 Barracks
00:22 Orc Burrow
00:36 Altar of Storms
01:34 Orc Burrow
02:12 Barracks
02:37 Orc Burrow
04:31 Orc Burrow
04:47 Voodoo Lounge
05:36 Stronghold
07:02 War Mill
07:05 Orc Burrow
08:02 Great Hall
09:49 Fortress
11:00 Spirit Lodge
12:43 Tauren Totem
13:51 Beastiary
13:53 Orc Burrow
16:11 Tauren Totem
16:13 Orc Burrow
17:07 Beastiary
20:26 Great Hall
23:50 Orc Burrow
23:53 Orc Burrow
27:50 Great Hall
31:18 Orc Burrow
32:50 Great Hall
33:32 Orc Burrow
36:44 Orc Burrow
39:31 Orc Burrow
41:08 Great Hall
» items
                
                | Healing Salve | 3 |  | 
| Scroll of Speed | 1 |  | 
| Lesser Clarity Potion | 4 |  | 
| Scroll of Town Portal | 3 |  | 
| Orb of Lightning | 1 |  | 
                12 total
  
               
              
              
coconut_noob (
green | 65 APM | 2906 actions | 44:23)
              
 4 Keeper of the Grove 
 2 Entangling Roots
 2 Thorns Aura
 4 Priestess of the Moon 
 2 Trueshot Aura
 2 Searing Arrows
 
                » actions 
                
                | Assign group hotkey | 29 |  | 
| Basic commands | 25 |  | 
| Build / train | 64 |  | 
| Enter build submenu | 17 |  | 
| Enter hero's abilities submenu | 8 |  | 
| Give item / drop item | 2 |  | 
| Remove unit from queue | 2 |  | 
| Right click | 1211 |  | 
| Select / deselect | 260 |  | 
| Select group hotkey | 1236 |  | 
| Use ability | 52 |  | 
                2906 total
 » units 
                » upgrades
                
                | Strength of the Wild | 3 |  | 
| Abolish Magic | 1 |  | 
| Sentinel | 1 |  | 
| Strength of the Moon | 0 |  | 
                5 total
 » buildings
                
                | Altar of Elders | 1 |  | 
| Moon Well | 7 |  | 
| Hunter's Hall | 1 |  | 
| Ancient of War | 2 |  | 
| Tree of Ages | 1 |  | 
| Tree of Life | 3 |  | 
| Ancient of Lore | 2 |  | 
| Ancient of Wonders | 1 |  | 
| Tree of Eternity | 1 |  | 
                19 total
 » build order
                00:09 Altar of Elders
00:23 Moon Well
01:33 Hunter's Hall
02:21 Ancient of War
02:23 Ancient of War
02:37 Moon Well
03:14 Moon Well
03:48 Tree of Ages
05:29 Moon Well
06:20 Tree of Life
08:21 Ancient of Lore
08:23 Ancient of Lore
10:22 Tree of Life
10:49 Ancient of Wonders
10:58 Moon Well
11:01 Moon Well
11:47 Moon Well
13:50 Tree of Eternity
22:19 Tree of Life
» items
                 
               
              
              
LaZzEe (
yellow | 82 APM | 3632 actions | 44:23)
              
 5 Death Knight 
 3 Death Coil
 2 Unholy Aura
 4 Lich 
 2 Frost Nova
 2 Dark Ritual
 
                » actions 
                
                | Assign group hotkey | 113 |  | 
| Basic commands | 138 |  | 
| Build / train | 85 |  | 
| ESC pressed | 1 |  | 
| Enter build submenu | 19 |  | 
| Enter hero's abilities submenu | 9 |  | 
| Give item / drop item | 1 |  | 
| Right click | 1520 |  | 
| Select / deselect | 290 |  | 
| Select group hotkey | 1355 |  | 
| Use ability | 101 |  | 
                3632 total
 » units 
                
                | Acolyte | 9 |  | 
| Ghoul | 8 |  | 
| Frost Wyrm | 23 |  | 
| Crypt Fiend | 5 |  | 
                45 total
 » upgrades
                
                | Creature Attack | 2 |  | 
| Web | 1 |  | 
| Ghoul Frenzy | 1 |  | 
| Freezing Breath | 1 |  | 
                5 total
 » buildings
                
                | Crypt | 2 |  | 
| Ziggurat | 9 |  | 
| Altar of Darkness | 1 |  | 
| Tomb of Relics | 1 |  | 
| Nerubian Tower | 1 |  | 
| Graveyard | 1 |  | 
| Halls of the Dead | 6 |  | 
| Black Citadel | 2 |  | 
| Sacrificial Pit | 1 |  | 
| Boneyard | 2 |  | 
| Necropolis | 2 |  | 
                28 total
 » build order
                00:09 Crypt
00:14 Ziggurat
00:17 Crypt
00:18 Ziggurat
00:30 Altar of Darkness
00:58 Ziggurat
01:28 Tomb of Relics
01:42 Nerubian Tower
01:58 Graveyard
02:57 Halls of the Dead
02:57 Halls of the Dead
02:57 Halls of the Dead
02:58 Halls of the Dead
03:57 Ziggurat
05:21 Black Citadel
05:31 Sacrificial Pit
07:44 Boneyard
07:45 Boneyard
08:01 Ziggurat
08:03 Ziggurat
09:26 Ziggurat
12:51 Ziggurat
15:30 Ziggurat
22:35 Necropolis
29:51 Necropolis
» items
                
                | Rod of Necromancy | 1 |  | 
| Dust of Appearance | 1 |  | 
| Scroll of Town Portal | 3 |  | 
| Potion of Healing | 1 |  | 
| Orb of Corruption | 2 |  | 
| Potion of Lesser Invulnerability | 1 |  | 
                9 total
  
               team 2 (winner) 
              
              
antanitis (
teal | 27 APM | 1195 actions | 44:23)
              
 4 Dreadlord 
 2 Vampiric Aura
 2 Sleep
 4 Death Knight 
 2 Unholy Aura
 2 Death Coil
 
                » actions 
                
                | Basic commands | 30 |  | 
| Build / train | 73 |  | 
| Enter build submenu | 41 |  | 
| Enter hero's abilities submenu | 9 |  | 
| Give item / drop item | 6 |  | 
| Right click | 528 |  | 
| Select / deselect | 415 |  | 
| Use ability | 93 |  | 
                1195 total
 » units 
                
                | Acolyte | 12 |  | 
| Ghoul | 19 |  | 
| Banshee | 7 |  | 
| Blue Dragon | 1 |  | 
                39 total
 » upgrades
                
                | Unholy Strength | 3 |  | 
| Unholy Armor | 2 |  | 
| Cannibalize | 1 |  | 
| Banshee Training | 2 |  | 
| Ghoul Frenzy | 1 |  | 
                9 total
 » buildings
                
                | Ziggurat | 7 |  | 
| Crypt | 3 |  | 
| Altar of Darkness | 5 |  | 
| Tomb of Relics | 2 |  | 
| Nerubian Tower | 1 |  | 
| Graveyard | 1 |  | 
| Halls of the Dead | 1 |  | 
| Temple of the Damned | 1 |  | 
| Black Citadel | 1 |  | 
| Necropolis | 10 |  | 
| Spirit Tower | 1 |  | 
                33 total
 » build order
                00:08 Ziggurat
00:11 Crypt
00:13 Crypt
00:57 Altar of Darkness
01:01 Ziggurat
01:33 Tomb of Relics
02:11 Tomb of Relics
02:15 Nerubian Tower
02:56 Graveyard
03:32 Crypt
04:14 Halls of the Dead
04:50 Ziggurat
05:15 Ziggurat
06:40 Temple of the Damned
09:57 Black Citadel
10:19 Necropolis
16:09 Spirit Tower
21:10 Necropolis
22:04 Necropolis
22:31 Altar of Darkness
24:16 Necropolis
24:17 Ziggurat
24:17 Ziggurat
24:29 Altar of Darkness
24:32 Ziggurat
26:05 Necropolis
26:10 Altar of Darkness
30:14 Necropolis
30:57 Necropolis
32:51 Necropolis
36:47 Necropolis
39:24 Necropolis
42:49 Altar of Darkness
» items
                
                | Sacrificial Skull | 2 |  | 
| Boots of Speed | 1 |  | 
| Circlet of Nobility | 1 |  | 
| Scroll of Healing | 2 |  | 
| Periapt of Vitality | 1 |  | 
| Scroll of Town Portal | 2 |  | 
| Orb of Corruption | 1 |  | 
| Orb of Lightning | 1 |  | 
                11 total
  
               
              
              
CEClL (
purple | 79 APM | 3592 actions | 45:32)
              
 5 Death Knight 
 3 Death Coil
 2 Unholy Aura
 4 Lich 
 2 Frost Nova
 2 Dark Ritual
 3 Dreadlord 
 2 Carrion Swarm
 1 Sleep
 
                » actions 
                
                | Assign group hotkey | 24 |  | 
| Basic commands | 100 |  | 
| Build / train | 87 |  | 
| ESC pressed | 1 |  | 
| Enter build submenu | 27 |  | 
| Enter hero's abilities submenu | 13 |  | 
| Give item / drop item | 8 |  | 
| Remove unit from queue | 1 |  | 
| Right click | 1868 |  | 
| Select / deselect | 346 |  | 
| Select group hotkey | 991 |  | 
| Use ability | 126 |  | 
                3592 total
 » units 
                
                | Acolyte | 11 |  | 
| Ghoul | 3 |  | 
| Crypt Fiend | 7 |  | 
| Obsidian Statue | 2 |  | 
| Blue Dragon | 1 |  | 
| Frost Wyrm | 3 |  | 
                27 total
 » upgrades
                
                | Creature Attack | 3 |  | 
| Creature Carapace | 2 |  | 
| Destroyer Form | 1 |  | 
| Web | 1 |  | 
| Burrow | 1 |  | 
                8 total
 » buildings
                
                | Crypt | 1 |  | 
| Graveyard | 1 |  | 
| Ziggurat | 14 |  | 
| Altar of Darkness | 1 |  | 
| Tomb of Relics | 1 |  | 
| Nerubian Tower | 2 |  | 
| Halls of the Dead | 2 |  | 
| Slaughterhouse | 2 |  | 
| Black Citadel | 4 |  | 
| Spirit Tower | 7 |  | 
| Sacrificial Pit | 1 |  | 
| Boneyard | 2 |  | 
                38 total
 » build order
                00:08 Crypt
00:22 Graveyard
00:44 Ziggurat
01:18 Altar of Darkness
01:20 Ziggurat
01:33 Tomb of Relics
02:06 Nerubian Tower
02:06 Nerubian Tower
04:20 Halls of the Dead
04:21 Halls of the Dead
06:43 Ziggurat
06:44 Ziggurat
06:46 Ziggurat
06:53 Slaughterhouse
06:55 Slaughterhouse
07:26 Black Citadel
07:50 Black Citadel
07:51 Black Citadel
08:15 Spirit Tower
08:30 Spirit Tower
08:30 Spirit Tower
10:05 Ziggurat
10:13 Ziggurat
15:40 Sacrificial Pit
17:36 Boneyard
17:38 Boneyard
19:10 Ziggurat
19:11 Ziggurat
19:12 Ziggurat
23:30 Ziggurat
23:31 Ziggurat
23:32 Ziggurat
23:33 Ziggurat
23:39 Spirit Tower
23:39 Spirit Tower
24:49 Spirit Tower
24:50 Spirit Tower
» items
                
                | Rod of Necromancy | 2 |  | 
| Potion of Mana | 1 |  | 
| Potion of Healing | 1 |  | 
| Boots of Speed | 1 |  | 
| Scroll of Town Portal | 4 |  | 
| Potion of Lesser Invulnerability | 1 |  | 
| Scroll of Protection | 2 |  | 
| Scroll of Healing | 2 |  | 
                14 total
  
               
              
              
GiNa. (
red | 71 APM | 3157 actions | 44:23)
              
 5 Dark Ranger 
 3 Black Arrow
 2 Silence
 4 Pandaren Brewmaster 
 2 Breath of Fire
 2 Drunken Haze
 3 Priestess of the Moon 
 1 Searing Arrows
 2 Trueshot Aura
 
                » actions 
                
                | Assign group hotkey | 32 |  | 
| Basic commands | 18 |  | 
| Build / train | 82 |  | 
| Enter build submenu | 36 |  | 
| Enter hero's abilities submenu | 12 |  | 
| Give item / drop item | 5 |  | 
| Right click | 2529 |  | 
| Select / deselect | 275 |  | 
| Select group hotkey | 96 |  | 
| Use ability | 72 |  | 
                3157 total
 » units 
                
                | Wisp | 30 |  | 
| Huntress | 6 |  | 
| Faerie Dragon | 4 |  | 
| Makrura Deepseer | 1 |  | 
| Mur'gul Snarecaster | 1 |  | 
| Makrura Snapper | 1 |  | 
| Chimaera | 3 |  | 
| Hippogryph | 4 |  | 
                50 total
 » upgrades
                
                | Reinforced Hides | 3 |  | 
| Strength of the Wild | 3 |  | 
| Corrosive Breath | 1 |  | 
| Nature's Blessing | 1 |  | 
| Ultravision | 1 |  | 
| Well Spring | 1 |  | 
                10 total
 » buildings
                
                | Hunter's Hall | 1 |  | 
| Moon Well | 8 |  | 
| Altar of Elders | 1 |  | 
| Ancient of War | 1 |  | 
| Ancient Protector | 3 |  | 
| Ancient of Wonders | 1 |  | 
| Tree of Ages | 1 |  | 
| Tree of Life | 15 |  | 
| Ancient of Wind | 2 |  | 
| Tree of Eternity | 1 |  | 
| Chimaera Roost | 3 |  | 
                37 total
 » build order
                00:11 Hunter's Hall
00:17 Moon Well
01:18 Altar of Elders
01:52 Ancient of War
02:15 Moon Well
02:41 Ancient Protector
02:49 Ancient of Wonders
04:21 Moon Well
05:41 Tree of Ages
05:51 Tree of Life
06:02 Moon Well
07:20 Moon Well
08:22 Ancient of Wind
08:27 Ancient Protector
08:34 Ancient Protector
09:52 Tree of Eternity
10:15 Moon Well
12:14 Chimaera Roost
12:17 Chimaera Roost
12:19 Chimaera Roost
15:31 Ancient of Wind
22:38 Tree of Life
25:02 Moon Well
25:13 Tree of Life
25:37 Moon Well
27:43 Tree of Life
27:59 Tree of Life
28:19 Tree of Life
28:56 Tree of Life
29:50 Tree of Life
30:00 Tree of Life
30:47 Tree of Life
30:57 Tree of Life
31:28 Tree of Life
31:56 Tree of Life
32:09 Tree of Life
32:27 Tree of Life
» items
                
                | Orb of Venom | 1 |  | 
| Potion of Healing | 1 |  | 
| Scroll of Town Portal | 3 |  | 
                5 total
  
               
              
              
smerbisimbalol (
blue | 48 APM | 2111 actions | 44:23)
              
 3 Blademaster 
 2 Wind Walk
 1 Critical Strike
 
                » actions 
                
                | Assign group hotkey | 16 |  | 
| Build / train | 38 |  | 
| Enter build submenu | 79 |  | 
| Enter hero's abilities submenu | 3 |  | 
| Remove unit from queue | 5 |  | 
| Right click | 1246 |  | 
| Select / deselect | 456 |  | 
| Select group hotkey | 149 |  | 
| Use ability | 119 |  | 
                2111 total
 » units 
                
                | Peon | 16 |  | 
| Goblin Shredder | 2 |  | 
| Troll Batrider | 7 |  | 
                25 total
 » upgrades
                
                | Reinforced Defenses | 1 |  | 
| Liquid Fire | 1 |  | 
                2 total
 » buildings
                
                | War Mill | 1 |  | 
| Altar of Storms | 3 |  | 
| Orc Burrow | 6 |  | 
| Watch Tower | 45 |  | 
| Stronghold | 1 |  | 
| Voodoo Lounge | 3 |  | 
| Beastiary | 3 |  | 
| Great Hall | 4 |  | 
| Fortress | 1 |  | 
                67 total
 » build order
                00:11 War Mill
00:23 Altar of Storms
00:41 Orc Burrow
02:06 Watch Tower
02:43 Watch Tower
02:46 Watch Tower
02:54 Watch Tower
02:58 Orc Burrow
03:05 Watch Tower
03:09 Watch Tower
03:59 Watch Tower
04:10 Watch Tower
04:13 Watch Tower
04:40 Stronghold
05:02 Watch Tower
05:06 Watch Tower
05:10 Watch Tower
05:16 Voodoo Lounge
05:21 Voodoo Lounge
05:43 Watch Tower
05:46 Watch Tower
05:48 Watch Tower
05:51 Watch Tower
06:21 Watch Tower
06:25 Watch Tower
06:27 Watch Tower
06:39 Watch Tower
07:03 Watch Tower
07:08 Watch Tower
08:04 Watch Tower
08:25 Beastiary
08:27 Beastiary
09:47 Watch Tower
09:49 Watch Tower
10:08 Watch Tower
10:11 Watch Tower
10:14 Watch Tower
10:18 Watch Tower
10:38 Orc Burrow
10:39 Orc Burrow
10:44 Watch Tower
10:45 Watch Tower
11:03 Watch Tower
11:13 Watch Tower
11:16 Watch Tower
11:20 Watch Tower
11:29 Watch Tower
11:40 Beastiary
12:21 Watch Tower
12:28 Great Hall
13:27 Watch Tower
13:30 Watch Tower
13:33 Watch Tower
14:11 Fortress
14:15 Watch Tower
14:17 Watch Tower
14:37 Watch Tower
14:50 Watch Tower
14:55 Watch Tower
19:53 Voodoo Lounge
23:35 Great Hall
24:36 Great Hall
25:51 Great Hall
29:05 Orc Burrow
29:53 Altar of Storms
33:09 Altar of Storms
34:50 Orc Burrow
 
                Chat log
          (00:34 / Allies) antanitis: u ever see the movie goulies?
(00:40 / Allies) CEClL: yeah
(00:41 / Allies) CEClL: a bit back
(00:49 / Allies) antanitis: like goulies 1 through 48
(01:00 / All) GiNa.: HOMO
(01:03 / Allies) CEClL: i duinno refresh me
(01:04 / All) CEClL: YEAH
(01:05 / All) coconut_noob: hello
(01:06 / All) CEClL: FUCK YOU
(01:12 / All) smerbisimbalol: nigger soup
(01:19 / All) antanitis: i hate white people
(01:23 / All) CEClL: sheep vs wabbits!!
(01:33 / All) LaZzEe: here's an idea
(01:35 / All) LaZzEe: shutting the fuck up?
(01:38 / All) CEClL: HEY YELLO
(01:41 / All) GiNa.: HOMO
(01:43 / All) CEClL: IM KILLING YOU LAST
(01:46 / All) antanitis: already thought of that and its not an option
(01:50 / All) CEClL: I WANT YOUR WHOLE TEAM TO WATCH YOU LOSE THE GAME
(01:56 / All) CEClL: MARK MY WORD
(01:59 / All) LaZzEe: I can't wait
(02:00 / All) CEClL: I AM KILLING YOU LAST.
(04:19 / All) LaZzEe: HAHAHAH
(05:24 / All) antanitis: are they on the same computer?
(22:47 / Allies) antanitis: greater manna pot
(34:25 / Allies) antanitis: yellow there
(35:31 / Allies) antanitis: sell this item